Map: Glittering Ashes LE

Players

ShoWTimE - Winner!

  • Race: Protoss Protoss
  • League: Grandmaster

Kelazhur

  • Race: Terran Terran
  • League: Master

Event: DreamHack SC2 Masters Last Chance 2022

VOD

Have the link to the VOD?

Description

Time

  • Played on: Dec. 19, 2021, 6:14 p.m.
  • Length: 12:33

All games in this series

Show
View Real Time Build Order
Export as new Build Order

ShoWTimE Protoss - Winner!

Build Orders: 1 Gate Expand, Phoenix Opening 

Get SALT Encoding   

  12  0:00  Probe  
  13  0:12  Probe  
  14  0:17  Pylon  
  14  0:24  Probe (Chrono Boost)  
  16  0:36  Gateway, Probe (Chrono Boost)  
  16  0:43  Probe (Chrono Boost)  
  16  0:45  Assimilator  
  17  0:51  Probe  
  18  1:03  Probe  
  19  1:15  Probe  
  20  1:25  Cybernetics Core  
  20  1:32  Nexus  
  20  1:35  Probe  
  21  1:41  Pylon  
  21  1:47  Probe  
  21  1:50  Assimilator  
  22  1:58  Stalker (Chrono Boost)  
  22  1:59  Probe  
  25  2:11  Probe  
  23  2:24  Probe (Chrono Boost)  
  23  2:28  Adept  
  26  2:36  Probe (Chrono Boost)  
  27  2:38  Stargate  
  27  2:41  Probe (Chrono Boost)  
  28  2:45  Probe (Chrono Boost)  
  28  2:49  Warp Gate  
  29  2:57  Probe (Chrono Boost)  
  31  2:58  Probe (Chrono Boost)  
  31  3:02  Probe (Chrono Boost)  
  31  3:05  Probe  
  32  3:06  Adept  
  32  3:12  Probe  
  35  3:17  Probe  
  36  3:20  Phoenix (Chrono Boost)  
  36  3:24  Probe  
  39  3:29  Probe  
  39  3:33  Pylon  
  40  3:36  Phoenix (Chrono Boost), Probe  
  40  3:41  Probe  
  44  3:48  Probe  
  44  3:53  Probe  
  46  3:59  Phoenix (Chrono Boost), Pylon  
  46  4:00  Probe  
  49  4:05  Probe  
  50  4:10  Gateway  
  50  4:15  Probe  
  50  4:16  Phoenix  
  52  4:17  Probe  
  53  4:27  Probe  
  53  4:29  Probe  
  53  4:31  Robotics Facility  
  55  4:34  Assimilator  
  55  4:35  Assimilator  
  55  4:39  Probe  
  55  4:41  Probe  
  57  4:46  Pylon  
  57  4:51  Probe  
  58  4:53  Probe  
  59  5:01  Nexus  
  59  5:03  Probe  
  59  5:06  Probe, Pylon  
  61  5:11  Pylon  
  61  5:15  Probe  
  61  5:16  Phoenix  
  61  5:18  Probe  
  61  5:20  Observer (Chrono Boost)  
  66  5:27  Pylon  
  66  5:28  Probe  
  64  5:30  Probe  
  64  5:36  Observer (Chrono Boost)  
  64  5:39  Robotics Bay  
  64  5:40  Probe (Chrono Boost)  
  64  5:42  Pylon  
  67  5:47  Probe (Chrono Boost)  
  67  5:49  Twilight Council, Forge  
  68  5:51  Probe (Chrono Boost)  
  68  5:56  Probe x2 (Chrono Boost)  
  69  6:02  Sentry  
  69  6:03  Stalker  
  74  6:06  Probe (Chrono Boost)  
  74  6:08  Probe (Chrono Boost)  
  74  6:09  Observer  
  77  6:12  Probe (Chrono Boost)  
  77  6:13  Gateway  
  77  6:16  Gateway  
  80  6:18  Probe (Chrono Boost)  
  80  6:22  Probe (Chrono Boost)  
  80  6:23  Probe (Chrono Boost)  
  80  6:24  Probe (Chrono Boost)  
  82  6:27  Probe (Chrono Boost)  
  82  6:30  Colossus (Chrono Boost)  
  82  6:32  Probe (Chrono Boost)  
  90  6:37  Probe (Chrono Boost)  
  90  6:38  Assimilator  
  90  6:39  Probe (Chrono Boost)  
  92  6:40  Charge  
  92  6:42  Assimilator  
  95  6:47  Probe x2 (Chrono Boost), Protoss Ground Weapons Level 1 (Chrono Boost)  
  95  6:49  Probe (Chrono Boost)  
  95  6:51  Sentry x2  
  95  6:53  Probe  
  99  6:54  Probe  
  99  6:58  Probe  
  102  7:05  Probe  
  103  7:13  Observer  
  101  7:16  Colossus (Chrono Boost), Gateway  
  101  7:17  Gateway  
  101  7:20  Forge  
  101  7:21  Gateway  
  107  7:24  Gateway  
  107  7:25  Shield Battery  
  107  7:30  Zealot x4  
  115  7:38  Pylon  
  114  7:45  Pylon  
  114  7:48  Pylon  
  114  7:51  Pylon  
  114  7:56  Pylon  
  114  8:00  Extended Thermal Lance  
  114  8:01  Templar Archives  
  114  8:02  Colossus (Chrono Boost)  
  114  8:03  Zealot x2  
  124  8:07  Protoss Ground Armor Level 1 (Chrono Boost)  
  124  8:08  Nexus  
  124  8:15  Zealot x4  
  132  8:22  Probe x3  
  135  8:29  Pylon  
  135  8:33  Blink (Chrono Boost), Shield Battery  
  135  8:34  Probe  
  136  8:38  Protoss Ground Weapons Level 2 (Chrono Boost), Pylon  
  136  8:40  Zealot x2, High Templar x2  
  136  8:41  Zealot  
  146  8:45  Archon  
  146  8:46  Pylon  
  146  8:50  Warp Prism  
  146  8:53  Observer  
  146  8:55  Robotics Facility  
  148  8:57  High Templar x2  
  148  9:02  Archon  
  152  9:07  Stalker x2  
  152  9:08  Stalker  
  158  9:10  Stalker  
  158  9:15  Stalker x2  
  164  9:21  Observer  
  164  9:26  Photon Cannon, Pylon  
  164  9:28  Probe  
  164  9:29  Shield Battery  
  164  9:30  Photon Cannon  
  164  9:32  Probe  
  164  9:46  Photon Cannon  
  164  9:47  Observer x2  
  166  9:53  Stalker x4  
  166  9:58  Zealot x3  
  179  10:04  Probe  
  179  10:05  Disruptor x2 (Chrono Boost)  
  179  10:14  Assimilator  
  185  10:17  Assimilator  
  183  10:22  Pylon  
  183  10:24  Dark Shrine  
  183  10:29  Photon Cannon  
  183  10:30  Photon Cannon  
  183  10:32  Pylon  
  183  10:36  Disruptor  
  183  10:39  Zealot x5  
  183  10:42  Disruptor  
  195  10:55  Zealot x3  
  195  11:09  Zealot x5  
  170  11:12  Disruptor (Chrono Boost)  
  170  11:16  Pylon  
  170  11:18  Disruptor (Chrono Boost), Pylon  
  158  11:38  Nexus  
  158  11:40  Pylon  
  158  11:44  Stalker x8  
  158  11:46  Warp Prism (Chrono Boost)  
  174  11:48  Disruptor (Chrono Boost)  
  179  12:01  Photon Cannon, Shield Battery  
Show
View Real Time Build Order
Export as new Build Order

Kelazhur Terran 

Build Orders:  

Get SALT Encoding   

  12  0:00  SCV  
  13  0:12  SCV  
  14  0:17  Supply Depot  
  14  0:24  SCV  
  15  0:39  SCV  
  15  0:42  Barracks  
  16  0:46  Refinery  
  16  0:51  SCV  
  16  0:55  Refinery  
  17  1:03  SCV  
  18  1:15  SCV  
  19  1:28  Reaper, Orbital Command  
  20  1:35  Supply Depot  
  20  1:46  Factory  
  20  1:56  SCV  
  20  2:00  Reaper  
  22  2:08  SCV  
  23  2:20  SCV  
  22  2:30  Widow Mine  
  22  2:31  Starport  
  22  2:33  SCV  
  25  2:41  Command Center  
  25  2:45  SCV  
  25  2:49  Supply Depot  
  26  2:52  Widow Mine  
  26  2:57  SCV  
  29  3:08  Medivac  
  29  3:11  SCV  
  32  3:13  Widow Mine  
  34  3:24  SCV  
  35  3:35  Command Center  
  35  3:36  SCV  
  35  3:40  Factory Tech Lab  
  35  3:41  Starport Tech Lab  
  36  3:48  SCV  
  37  3:56  Orbital Command  
  37  3:59  Siege Tank  
  40  4:03  Banshee  
  40  4:04  SCV  
  44  4:16  SCV  
  45  4:17  Orbital Command  
  45  4:23  Barracks Reactor  
  39  4:30  SCV  
  39  4:31  Cyclone  
  39  4:37  Engineering Bay  
  42  4:42  SCV  
  42  4:44  Barracks  
  43  4:47  Orbital Command  
  43  4:50  SCV  
  44  4:55  SCV  
  42  5:00  Marine x2  
  42  5:02  SCV  
  42  5:05  Missile Turret  
  45  5:07  Missile Turret, SCV  
  45  5:09  Cyclone  
  45  5:13  SCV  
  45  5:14  SCV  
  50  5:19  SCV  
  50  5:25  SCV  
  50  5:26  SCV  
  50  5:28  Marine x2  
  53  5:31  SCV  
  53  5:34  Barracks  
  52  5:36  Terran Infantry Weapons Level 1  
  52  5:37  SCV, Starport Reactor  
  52  5:38  SCV  
  52  5:42  Stimpack, Refinery  
  54  5:43  SCV, Marine  
  54  5:49  SCV  
  57  5:50  SCV, Refinery  
  57  5:55  SCV  
  59  5:58  Marine x2  
  59  6:00  Siege Tank  
  59  6:01  SCV, Marine  
  59  6:02  SCV  
  59  6:03  Supply Depot  
  67  6:07  SCV  
  68  6:12  Orbital Command  
  68  6:15  Supply Depot  
  68  6:16  SCV  
  69  6:24  Medivac x2, SCV, Barracks  
  69  6:25  Barracks  
  74  6:26  Marine  
  74  6:27  Marine  
  74  6:28  SCV  
  74  6:32  Supply Depot  
  77  6:36  SCV  
  77  6:37  Marauder  
  77  6:39  SCV  
  81  6:40  Factory Reactor  
  81  6:41  SCV  
  81  6:44  Marauder, Marine  
  81  6:45  Combat Shield  
  85  6:51  SCV  
  85  6:52  Marine  
  85  6:53  SCV  
  85  6:54  Supply Depot x2, SCV  
  86  7:03  SCV  
  86  7:05  SCV  
  86  7:06  SCV  
  86  7:08  Marauder  
  91  7:11  Marauder  
  91  7:12  Marine x2  
  91  7:15  SCV  
  93  7:16  Medivac x2  
  93  7:18  Supply Depot, SCV  
  93  7:19  SCV  
  93  7:20  Supply Depot x2  
  99  7:24  Concussive Shells  
  99  7:27  Supply Depot, SCV  
  99  7:29  Missile Turret, Barracks Tech Lab, Barracks Reactor  
  100  7:30  SCV  
  100  7:32  SCV  
  100  7:33  Widow Mine  
  100  7:34  Widow Mine  
  106  7:39  SCV  
  106  7:42  SCV  
  106  7:44  Marauder x2, SCV  
  113  7:48  Refinery  
  113  7:49  Refinery  
  113  7:52  SCV  
  113  7:54  Supply Depot, SCV  
  113  7:56  Supply Depot  
  115  7:58  Marine x2  
  115  7:59  Marauder  
  115  8:04  Terran Infantry Armor Level 1  
  115  8:05  Viking  
  121  8:07  Viking  
  125  8:13  Marauder  
  125  8:14  Marauder, Supply Depot, Marine  
  125  8:15  Marine  
  129  8:24  Marine x2  
  129  8:26  Marauder  
  133  8:31  Supply Depot  
  133  8:33  Widow Mine x2  
  137  8:34  Viking  
  137  8:37  Marauder, Marine, Armory, Viking  
  137  8:40  Marauder  
  146  8:43  Marine x3  
  146  8:48  Marauder  
  151  8:51  Supply Depot  
  151  8:55  Marine  
  151  8:56  Ghost Academy  
  151  8:57  Marine  
  151  8:58  Widow Mine x2  
  157  9:03  Marine x3  
  157  9:04  Marauder, Supply Depot  
  162  9:10  Marauder  
  162  9:13  Marine  
  162  9:15  Marine  
  162  9:16  Viking  
  168  9:18  Supply Depot  
  168  9:20  Viking  
  168  9:21  Marine x2  
  168  9:22  Marine  
  173  9:25  Marauder  
  173  9:31  Marine  
  180  9:47  Marine x3  
  180  9:49  Enhanced Shockwaves  
  184  9:57  Marine  
  184  9:58  Terran Infantry Weapons Level 2  
  185  10:04  Unknown x2  
  185  10:05  Marine  
  186  10:15  Unknown  
  186  10:17  Marine  
  186  10:18  Marine x2  
  186  10:19  Command Center  
  191  10:22  Viking x2  
  191  10:23  Marine  
  196  10:32  Unknown x2, Barracks x2  
  196  10:33  Barracks  
  195  10:40  Marine x3  
  200  10:42  Marauder  
  200  10:43  Unknown  
  178  10:55  Marauder, Viking, Marine x2  
  178  10:56  Viking  
  182  10:58  Marine x2  
  182  11:02  Marine  
  187  11:04  Marauder  
  164  11:13  Marauder, Marine  
  164  11:17  Marauder  
  143  11:23  Marine x2  
  143  11:24  Marine x2  
  143  11:25  Marauder, Marine x2  
  135  11:30  Marine  
  135  11:33  Planetary Fortress  
  135  11:34  SCV, Marine  
  135  11:35  SCV x2  
  141  11:42  Missile Turret, Widow Mine  
  141  11:43  Widow Mine, Marine x2  
  148  11:48  Medivac  
  148  11:49  Medivac  
  148  11:53  Barracks Tech Lab  
  148  11:54  Barracks Tech Lab, Barracks Reactor  
  153  11:55  Marine x2  
  155  12:04  Marine x2  
  155  12:05  Widow Mine x2  
  155  12:06  Unknown  
  139  12:15  Unknown  
  140  12:21  Unknown  

Tags
 
Add a new tag
Caveats
  • Supply blocks, unpowered buildings, or Contaminate may cause inaccurate times.
  • Supply counts are checked every 10 seconds.